Map: Dusk Towers

Players

UnderlineENT - Winner!

  • Race: Zerg Zerg
  • League: Diamond

SticklerMac

  • Race: Zerg Zerg
  • League: Platinum

VOD

Have the link to the VOD?

Description

Time

  • Played on: Nov. 14, 2015, 5:17 p.m.
  • Length: 4:13
Show
View Real Time Build Order
Export as new Build Order

UnderlineENT Zerg - Winner!

Build Orders: Hatch First 

Get SALT Encoding   

  12  0:01  Drone  
  13  0:12  Overlord  
  13  0:17  Drone  
  14  0:30  Drone x2  
  14  0:34  Drone  
  17  0:53  Hatchery  
  17  0:56  Drone  
  17  0:59  Extractor  
  16  1:15  Drone, Spawning Pool  
  16  1:20  Drone  
  16  1:21  Drone  
  18  1:28  Drone  
  19  1:38  Overlord  
  19  2:02  Metabolic Boost  
  19  2:03  Drone x2  
  19  2:04  Queen  
  23  2:09  Queen  
  23  2:12  Drone  
  26  2:19  Baneling Nest  
  26  2:22  Zergling x2  
  26  2:26  Zergling x2  
  26  2:28  Zergling x2  
  28  2:33  Zergling x2  
  28  2:35  Zergling x2  
  30  2:40  Overlord  
  30  2:45  Zergling x2  
  31  2:52  Zergling x2  
  31  2:56  Zergling x2  
  33  3:03  Zergling x2  
  34  3:06  Baneling x2  
  34  3:08  Zergling x2  
  35  3:15  Baneling x2  
  35  3:16  Baneling x2  
  35  3:19  Zergling x2  
  37  3:20  Zergling x10  
  41  3:28  Zergling x4  
  37  3:49  Drone  
  37  3:50  Drone x4  
  42  3:59  Drone x2  
Show
View Real Time Build Order
Export as new Build Order

SticklerMac Zerg 

Build Orders: Hatch First 

Get SALT Encoding   

  12  0:01  Drone  
  13  0:12  Overlord  
  13  0:18  Drone  
  14  0:30  Drone x2  
  16  0:52  Hatchery  
  15  0:59  Extractor  
  14  1:07  Spawning Pool  
  13  1:12  Drone  
  13  1:15  Drone  
  15  1:20  Drone  
  15  1:24  Drone  
  17  1:35  Drone  
  18  1:46  Drone  
  19  1:55  Queen  
  21  2:03  Metabolic Boost  
  21  2:04  Queen  
  23  2:09  Drone  
  23  2:15  Drone  
  25  2:19  Zergling x2  
  25  2:22  Zergling x2  
  27  2:26  Zergling x2  
  28  2:41  Overlord x2  
  28  2:52  Lair  
  28  3:00  Drone x2, Baneling Nest  
  29  3:09  Drone x3  
  29  3:10  Drone  
  33  3:19  Zergling x4  
  35  3:20  Zergling x2  
  35  3:37  Queen  
  35  3:45  Zergling x2  
  35  3:46  Overlord  
  35  3:47  Overlord x2  
  26  3:50  Zergling x4  
  26  3:53  Zergling x2  
Tags
 
Add a new tag
Caveats
  • Supply blocks, unpowered buildings, or Contaminate may cause inaccurate times.
  • Supply counts are checked every 10 seconds.